AoeStats
← jusart.92

Nomad

510160142Analyzed
3v3 RM · 3d ago on Sep 29, 2026· 39m 9s· 6 players
Game mode
Random Map
Map size
210×210
Population
200
Speed
Normal
Resources
Standard
Victory
Conquest
Starting age
Dark Age
Ending age
Imperial Age
RankedLock teamsTeams togetherTeam positionsShared explorationLock speedFull tech treeHidden civsTurbo modeCheats
Victory
Defeat
🇲🇽 Varangians · Mexico
1182
+16
🇨🇴 Italians · Colombia
1165
+17
🇨🇳 Italians · China
1133
+18
🇦🇷 Persians · Argentina
1294
-21
🇫🇷 Mongols · France
1247
-20
🇦🇷 Vietnamese · Argentina
1011
-10
redwolfliu
5:04 Loom
13:09 Feudal Age
13:36 Double-Bit Axe
17:22 Wheelbarrow
17:45 Fletching
18:03 Gold Mining
21:15 Castle Age
22:18 Stone Mining
22:34 Bodkin Arrow
23:29 Bow Saw
27:54 Horse Collar
29:22 Heavy Plow
30:45 Stone Shaft Mining
37:04 Imperial Age
35:57 Hand Cart
36:35 Padded Archer Armor
36:44 Town Watch
38:12 Conscription
38:54 Bracer
Diegonorreea
6:52 Loom
12:59 Feudal Age
13:54 Double-Bit Axe
14:42 Fishing Lines
20:51 Castle Age
20:57 Castle Age
20:07 Scale Barding Armor
20:12 Forging
19:57 Fletching
21:22 Stone Mining
21:46 Light Cavalry
22:38 Gillnets
23:26 Bow Saw
24:40 Bodkin Arrow
26:17 Scale Barding Armor
26:22 Forging
27:52 Thumb Ring
28:12 Town Watch
29:03 Wheelbarrow
30:19 Iron Casting
30:08 Ballistics
30:50 Hand Cart
30:35 Town Patrol
37:05 Imperial Age
37:55 Bracer
38:59 Chemistry
37:30 Elite Genoese Crossbowman
jusart.92
5:07 Loom
15:32 Feudal Age
20:17 Castle Age
19:18 Bloodlines
21:43 Forging
21:39 Scale Barding Armor
22:38 Medium Warships
24:48 Husbandry
24:09 Light Cavalry
24:22 Light Cavalry
31:28 Chain Barding Armor
32:12 Iron Casting
36:14 Double-Bit Axe
39:11 Imperial Age
37:32 Fletching
39:43 Iron Casting
39:28 Chain Barding Armor
VZ | Awoken
7:24 Loom
13:46 Feudal Age
17:32 Castle Age
19:27 Scale Barding Armor
19:43 Double-Bit Axe
19:40 Horse Collar
37:21 Wheelbarrow
37:25 Fletching
38:18 Bodkin Arrow
VZ PITBULLBRA
5:51 Loom
13:53 Feudal Age
17:57 Castle Age
17:11 Fletching
18:35 Double-Bit Axe
19:36 Gold Mining
19:52 Town Watch
22:06 Bodkin Arrow
24:28 Ballistics
25:34 Padded Archer Armor
34:06 Leather Archer Armor
36:56 Bow Saw
36:29 Horse Collar
37:35 Wheelbarrow
nahuelAOE2
5:14 Loom
16:27 Feudal Age
17:03 Double-Bit Axe
20:05 Fishing Lines
20:56 Scale Mail Armor
21:06 Forging
22:49 Forging
26:26 Castle Age
26:36 Gold Mining
29:20 Iron Casting
28:31 Horse Collar
29:12 Bow Saw
28:34 Pikeman
31:23 Fletching
31:33 Padded Archer Armor
31:25 Crossbowman
Connection lost

Rejoining the realm…

Still unreachable

The connection could not be restored.

Session expired

The server has moved on; the page needs a fresh start.